AoeStats
← andonihc9

Arena

509130203Analyzed
1v1 RM · 6d ago on Sep 25, 2026· 17m 16s· 2 players
Game mode
Random Map
Map size
Tiny (2 player)
Population
200
Speed
Normal
Resources
Standard
Victory
Conquest
Starting age
Dark Age
Ending age
Imperial Age
RankedLock teamsTeams togetherTeam positionsShared explorationLock speedFull tech treeHidden civsTurbo modeCheats
Victory
Defeat
🇹🇷 Lithuanians · Türkiye
983
+17
🇲🇽 Byzantines · Mexico
1000
-51
Bourne3838
7:55 Loom
10:48 Feudal Age
14:25 Castle Age
12:48 Double-Bit Axe
15:58 Crossbowman
andonihc9
8:18 Loom
12:39 Feudal Age
16:08 Forging
17:18 Fletching
Connection lost

Rejoining the realm…

Still unreachable

The connection could not be restored.

Session expired

The server has moved on; the page needs a fresh start.